 Dungeon Crawl Stone Soup version 0.30.0 (webtiles) character file.

Game seed: 6447605279853976036

193 wpisznazwe the Slasher (level 5, -2/39 HPs)
             Began as a Demonspawn Gladiator on May 6, 2023.
             Was an Initiate of Hepliaklqana.
             Slain by a scorpion (5 damage)
             ... on level 4 of the Dungeon.
             The game lasted 00:08:45 (3274 turns).

wpisznazwe the Slasher (Demonspawn Gladiator)       Turns: 3274, Time: 00:08:46

Health: -2/39      AC:  8    Str: 15    XL:     5   Next: 43%
Magic:  5/5        EV: 13    Int:  9    God:    Hepliaklqana [......]
Gold:   130        SH:  0    Dex: 16    Spells: 4/4 levels left

rFire   . . .        a - +0 long sword
rCold   + . .        (no shield)
rNeg    . . .        b - +2 leather armour {rC+}
rPois   .            c - +0 helmet
rElec   .            v - +0 cloak
rCorr   .            (no gloves)
SInv    .            u - +0 pair of boots
Will    .....        (no amulet)
Stlth   +            (no ring)
HPRegen 0.26/turn    (no ring)
MPRegen 0.09/turn

%: no passive effects
@: brilliant, lethally poisoned (-2 -> -11), flying
A: claws 1, demonic guardian 1
a: Renounce Religion


You were on level 4 of the Dungeon.
You worshipped Hepliaklqana.
Hepliaklqana was noncommittal.
You visited 1 branch of the dungeon, and saw 4 of its levels.

You collected 130 gold pieces.

Inventory:

Hand Weapons
 a - a +0 long sword (weapon)
Missiles
 d - 4 throwing nets (quivered)
 e - a javelin
Armour
 b - a +2 leather armour of cold resistance (worn)
 c - a +0 helmet (worn)
 u - a +0 pair of boots (worn)
 v - a +0 cloak (worn)
Jewellery
 p - a +6 ring of intelligence
Scrolls
 l - a scroll of brand weapon {unknown}
 m - a scroll of amnesia {unknown}
 n - a scroll of poison {unknown}
 q - a scroll of enchant weapon {unknown}
 r - a scroll of teleportation {unknown}
 s - a scroll of identify {unknown}
 t - a scroll of silence {unknown}
Potions
 i - a potion of curing {unknown}
 k - a potion of magic {unknown}
 o - a potion of attraction {unknown}


   Skills:
 + Level 2.6 Fighting
 + Level 4.6 Long Blades
 + Level 1.8 Throwing
 + Level 1.3 Armour
 + Level 3.3 Dodging
 + Level 0.2 Stealth


You had 4 spell levels left.
You didn't know any spells.
Your spell library contained the following spells:

 Spells                   Type           Power      Damage    Failure   Level
 Foxfire                  Conj/Fire      0%         2x1d4     45%         1
 Sandblast                Erth           0%         2d4       45%         1
 Passwall                 Tmut/Erth      0%         N/A       58%         2
 Dazzling Flash           Conj/Hex       0%         N/A       83%         3
 Stone Arrow              Conj/Erth      0%         3d7       83%         3
 Volatile Blastmotes      Fire/Tloc      0%         2d10      83%         3
 Iskenderun's Mystic Bla  Conj/Tloc      0%         2d3       99%         4
 Fireball                 Conj/Fire      0%         3d3       100%        5
 Plasma Beam              Fire/Air       0%         2x1d11    100%        6
 Starburst                Conj/Fire      0%         6d3       100%        6


Dungeon Overview and Level Annotations

Branches:
Dungeon (4/15)
 Temple: D:4-7

Altars:
Hepliaklqana
Trog
Vehumet

Shops:
D:1 !   D:2 =

Annotations:
D:2 fly


Innate Abilities, Weirdness & Mutations

You have sharp fingernails.
A weak demonic guardian rushes to your aid.


Message History

You hit the scorpion.
The scorpion is moderately wounded.
The scorpion barely misses you. The hobgoblin barely misses you.
You barely miss the scorpion.
The scorpion is moderately wounded.
The scorpion stings you.
You are poisoned.
The scorpion poisons you! The hobgoblin barely misses you.
The scorpion completely misses you.
You hit the scorpion.
The scorpion is moderately wounded.
You feel very sick. The hobgoblin misses you. The scorpion stings you.
You are more poisoned.
The scorpion poisons you!
You barely miss the scorpion.
The scorpion is moderately wounded.
You feel very sick.
The hobgoblin hits you but does no damage.
The scorpion misses you. The scorpion barely misses you.
The hobgoblin closely misses you. The scorpion attacks as you move away!
The scorpion stings you.
You are lethally poisoned!
The scorpion poisons you! The hobgoblin attacks as you move away!
The hobgoblin barely misses you.
You feel very sick.
* * * LOW HITPOINT WARNING * * *
You feel very sick.
It was a potion of brilliance.
You feel clever all of a sudden.
* * * LOW HITPOINT WARNING * * *
You feel very sick.
The scorpion stings you but does no damage.
It was a potion of flight.
You feel very buoyant.
You fly up into the air.
* * * LOW HITPOINT WARNING * * *
You feel very sick. The scorpion stings you.
You die...

######
#....########
#.##........###
#.@...........#####
#.#s###...........#
#.#g..###..........
#.#.....###........
#.#......(###......
#.#.....###........
#.#...###..†.......
#...###...###.#####
[.....###........


You could see a scorpion and a hobgoblin.

Vanquished Creatures
  A hound (D:4)
  4 adders
  A dart slug (D:4)
  3 orcs (D:3)
  9 endoplasms
  7 giant cockroaches
  13 hobgoblins
  4 jackals (D:4)
  7 quokkas
  10 ball pythons
  6 bats
  4 frilled lizards
  7 goblins
  5 kobolds
  7 rats
88 creatures vanquished.

Vanquished Creatures (collateral kills)
  An iguana (D:4)
1 creature vanquished.

Grand Total: 89 creatures vanquished

Notes
Turn   | Place    | Note
-------+----------+-------------------------------------------
     0 | D:1      | wpisznazwe the Demonspawn Gladiator began the quest for the
                  | Orb.
     0 | D:1      | Reached XP level 1. HP: 16/16 MP: 1/1
   239 | D:1      | Gained mutation: A weak demonic guardian rushes to your
                  | aid. [demonic ancestry]
   239 | D:1      | Reached XP level 2. HP: 17/22 MP: 2/2
   311 | D:1      | Reached skill level 3 in Long Blades
   691 | D:1      | Found Neotargh's Distillery.
   770 | D:1      | Gained mutation: You have sharp fingernails. [demonic
                  | ancestry]
   770 | D:1      | Reached XP level 3. HP: 27/27 MP: 3/3
  1248 | D:2      | Found Oselush's Jewellery Emporium.
  1665 | D:2      | Reached XP level 4. HP: 34/34 MP: 4/4
  2003 | D:3      | Reached skill level 1 in Armour
  2341 | D:3      | Found a bloodstained altar of Trog.
  2606 | D:3      | Found a hazy altar of Hepliaklqana.
  2715 | D:3      | Reached skill level 4 in Long Blades
  2762 | D:3      | Found a radiant altar of Vehumet.
  2984 | D:3      | Became a worshipper of Hepliaklqana the Forgotten
  3056 | D:4      | Reached XP level 5. HP: 16/39 MP: 5/5
  3274 | D:4      | Slain by a scorpion

Illustrated notes

Levels and vault maps discovered:
D:1:      amcnicky_arrival_wind_blow, layout_loops_corners, serial_shops,
          nicolae_shop_tiny_glass, chequers_serial_rivers_micro_e
D:2:      layout_loops_ring, serial_rivers, chequers_serial_rivers_micro_d,
          chequers_serial_rivers_small_3, chequers_serial_rivers_small_3,
          chequers_serial_rivers_small_a, chequers_serial_rivers_large_a,
          serial_shops, shop
D:3:      layout_loops_corners, nicolae_vehumet_altar_sigil, tso_oasis_becter,
          trog_hazing_becter, mainiacjoe_overflow_concentric_impassable
D:4:      layout_gridville, chequers_temple_overflow_statue_of_worship,
          temple_pool_b, minmay_unequal

Skill      XL: |  1  2  3  4 |
---------------+-------------+-----
Long Blades    | 3 4 |  4.6
Dodging        | 3 |  3.3
Armour         | 1 |  1.3
Fighting       | |  2.6
Throwing       | |  1.8
Stealth        | |  0.2

Action                     |  1- 3 |  4- 6 || total
---------------------------+-------+-------++-------
  Melee: Long sword        |   162 |   108 ||   270
    Use: Potion            |       |     2 ||     2
 Armour: Ring mail         |    85 |    38 ||   123
         Leather armour    |       |     9 ||     9
  Dodge: Dodged            |   115 |    98 ||   213
